← All builds
Geo sea / Armada / Economy first / OBSERVED BUILD

Standard geo sea

Armada Geo sea build order · Supreme Isthmus

Shipyard in the cove backed by a bot lab, pushing out early submarines and destroyers to contest the sea while teching up to a geothermal plant around 7:46, the role's bread-and-butter naval contest.

Usually shipyard in the cove (88%)

#naval #eco · 822 distinct matches · 106 players · 80% of Armada Geo sea games · team won 54% of 879 · Recently observed

HOW TO PLAY IT

Key timing: Shipyard by 3:11

  1. Take mex and wind, start bot lab first for early defence.
  2. Finish bot lab, then build shipyard in the cove.
  3. Push first submarine out to contest the sea.
  4. Add destroyer as the main contesting force.
  5. Transition into geothermal plant and advanced metal extractor.

Phase by phase

TYPICAL OF ITS 822 GAMES
  1. 1
  2. 2
  3. 3
  4. 4
PLAY THE OPENING

Follow the example game's first 6:00 step by step: what to build now, what comes next, and where it goes. At 1× it keeps pace with your own game.

  1. 1

    Up to the Bot Lab

    Economy
    • Metal Extractor3Mex
    • Wind Turbine3Wind
    Order
    1. Bot LabBot Lab after 3 mex, 3 winddone ~1:12, middle half 1:06–1:17

    Some games also: wind for allies (43%)

    By 0:55 in all: 3 mex · 3 wind

    The example game in this phase · 3 steps
    1. Mex ×3
    2. Wind ×4
    3. Bot LabBot Labdone 1:11 · typical 1:12
  2. 2

    Bot Lab to Shipyard

    Economy
    • Metal Extractor1Mex
    • Wind Turbine1Wind
    Order
    1. ShipyardShipyard after 4 mex, 4 winddone ~3:12, middle half 2:51–3:37
    Builders
    • Construction Bot3 Con bot
    • Lazarus2 Lazarus

    Some games also: pawn (45%) · con turret (39%) · crossbow (36%)

    By 2:48 in all: 4 mex · 4 wind

    The example game in this phase · 22 steps
    1. Construction BotCon bot
    2. LazarusLazarus
    3. Construction BotCon bot
    4. Mex
    5. Construction BotCon bot
    6. Mex
    7. Construction BotCon bot
    8. Wind
    9. PawnPawn
    10. Mex
    11. Con turret
    12. SentrySentry
    13. Wind
    14. CrossbowCrossbow ×2
    15. Wind
    16. SentrySentry
    17. NettleNettle
    18. Wind
    19. Radar TowerRadar Tower
    20. TickTick
    21. Wind
    22. ShipyardShipyardnot finished by 15:00 · typical 3:12
  3. 3

    Shipyard to 5:00

    Economy
    • Metal Extractor4Mex
    • Wind Turbine1Wind
    Builders
    • Construction Ship1 Con ship
    Army
    • Dolphin3 Dolphin
    • Skater1 Skater
    Other
    • Radar Tower1 Radar Tower

    Some games also: destroyer (50%) · submarine (44%) · Sentry (43%) · converter (34%) · pawn (31%)

    By 5:00 in all: 8 mex · 7 wind · 1 energy storage · 1 con turret

    The example game in this phase · 14 steps
    1. Wind
    2. AnemoneAnemone
    3. Radar TowerRadar Tower
    4. Wind ×2
    5. Converter
    6. ShipyardShipyarddone 4:22
    7. Converter
    8. EelSubmarinedone 4:36 · typical 4:21
    9. Construction ShipCon ship
    10. Energy storage
    11. SkaterSkater
    12. DolphinDolphin
    13. Mex
    14. DolphinDolphin
  4. 4

    5:00 to 10:00

    Economy
    • Metal Extractor2Mex
    • Wind Turbine12Wind
    • Energy Converter3Converter
    Builders
    • Construction Turret1 Con turret
    • Grim Reaper2 Grim Reaper
    • Construction Ship1 Con ship
    Army
    • Sentry1 Sentry
    • Dolphin4 Dolphin
    • Skater2 Skater
    • Corsair2 Destroyer

    Some games also: Radar Tower (48%) · Harpoon (41%) · geo (40%) · frigate (39%) · Naval Construction Turret (33%)

    By 10:00 in all: 11 mex · 19 wind · 1 geo · 4 converter · 1 energy storage · 2 con turret

    The example game in this phase · 125 steps
    1. DolphinDolphin ×2
    2. Mex
    3. DolphinDolphin
    4. CorsairDestroyerdone 5:48 · typical 5:36
    5. EelSubmarine
    6. Con turret
    7. SkaterSkater
    8. Mex
    9. Grim ReaperGrim Reaper
    10. HarpoonHarpoon
    11. Grim ReaperGrim Reaper ×2
    12. Geothermal PowerplantGeodone 8:09 · typical 7:46
    13. Naval Radar / Sonar TowerNaval Radar / Sonar Tower
    14. DolphinDolphin
    15. Construction ShipCon ship
    16. SkaterSkater
    17. CorsairDestroyer
    18. HarpoonHarpoon
    19. Converter
    20. Construction ShipCon ship
    21. Shark's TeethShark's Teeth
    22. Converter
    23. Shark's TeethShark's Teeth ×2
    24. SkaterSkater
    25. Converter
    26. CorsairDestroyer
    27. Shark's TeethShark's Teeth ×2
    28. Converter
    29. Shark's TeethShark's Teeth
    30. Advanced Metal ExtractorT2 mexdone 9:28 · typical 9:19
    31. Shark's TeethShark's Teeth
    32. Converter
    33. Shark's TeethShark's Teeth ×2
    34. Converter
    35. Shark's TeethShark's Teeth
    36. SentrySentry
    37. Grim ReaperGrim Reaper
    38. Shark's TeethShark's Teeth ×3
    39. Advanced Metal ExtractorT2 mex
    40. SkaterSkater
    41. Shark's TeethShark's Teeth
    42. SkaterSkater
    43. Shark's TeethShark's Teeth
    44. Construction ShipCon ship
    45. Shark's TeethShark's Teeth ×4
    46. CorsairDestroyer
    47. Grim ReaperGrim Reaper
    48. HarpoonHarpoon
    49. SkaterSkater
    50. Advanced Metal ExtractorT2 mex
    51. HarpoonHarpoon
    52. Grim ReaperGrim Reaper
    53. Naval Construction Turret
    54. SkaterSkater
    55. Construction ShipCon ship
    56. OrcaSubmarinedone 11:07
    57. Advanced Metal ExtractorT2 mex
    58. SkaterSkater
    59. Naval Construction Turret
    60. SkaterSkater
    61. Naval Construction Turret
    62. Grim ReaperGrim Reaper
    63. Naval Construction Turret
    64. Advanced ShipyardAdvanced Shipyarddone 12:54
    65. Grim ReaperGrim Reaper
    66. Con turret ×2
    67. SkaterSkater
    68. Advanced Metal ExtractorT2 mex
    69. ShipyardShipyarddone 12:20
    70. Grim ReaperGrim Reaper
    71. DolphinDolphin
    72. Grim ReaperGrim Reaper
    73. Advanced Construction SubAdvanced Construction Sub
    74. Advanced Metal ExtractorT2 mex
    75. Con turret
    76. Tidal
    77. Con turret
    78. Wind
    79. Tidal
    80. VoyagerVoyager
    81. Wind
    82. Tidal
    83. Naval Advanced Metal ExtractorNaval Advanced Metal Extractordone 14:20
    84. Tidal
    85. Wind
    86. VoyagerVoyager
    87. Tidal
    88. Wind ×2
    89. Tidal
    90. Converter
    91. NettleNettle
    92. Wind
    93. Tidal
    94. Con turret
    95. NettleNettle
    96. VoyagerVoyager
    97. Tidal
    98. NettleNettle
    99. Wind ×2
    100. Tidal
    101. Wind ×2
    102. Tidal ×2
    103. Wind
    104. Converter
    105. Advanced Geothermal PowerplantAdvanced Geothermal Powerplantnot finished by 15:00
    106. DreadnoughtBattleshipnot finished by 15:00
    107. Naval Construction Turret
    108. DreadnoughtBattleship
    109. Converter
    110. Con turret
    111. Wind ×2
    112. Naval Construction Turret
    113. Wind
    114. Naval Advanced Metal ExtractorNaval Advanced Metal Extractor
    115. Wind ×2
    116. Naval Construction Turret
    117. Wind ×2
    118. Converter
    119. Wind ×2
    120. Naval Construction Turret
    121. Converter
    122. Wind
    123. Naval Construction Turret
    124. Wind ×2
    125. Hovercraft PlatformHovercraft Platformnot finished by 15:00

Counts are medians over the build's games: half of them build more, half fewer. The example game is _X_'s (42 OS, 04/10/2026); pick another.

Team trades

IN AT LEAST 30% OF ITS GAMES

You hand over

  • Wind Turbine2 Wind to Airfirst at 1:41 · in 60% of games

You get

  • Finch1 Finch from Airfirst at 1:52 · in 73% of games
  • Hercules1 Light transport from Airfirst at 2:05 · in 61% of games
  • Advanced Construction Bot1 T2 con bot from Techfirst at 7:42 · in 89% of games

How it plays out

Typical game of this build, running totals by minute

Metal produced

010k20k30k
0:005:0010:0015:00

metal

Enemy metal destroyed

05k10k
0:005:0010:0015:00

metal

Own metal lost

02.5k5k7.5k
0:005:0010:0015:00

metal

879 games.

Show as table
ByMetal produced: This buildEnemy metal destroyed: This buildOwn metal lost: This build
1:0039500
2:0092800
3:00160900
4:002893040
5:00414117554
6:005550541300
7:0071051001615
8:00873917051011
9:001061524581655
10:001290433332246
11:001549945823171
12:001850357053963
13:002179068434827
14:002544778555665
15:002895489766607
WHAT THE NUMBERS SAY

Standard Geo sea play, backed by a bot lab before the shipyard, with a 53% team win rate matching the other sea role closely.

  • + Geothermal finishes by 7:46 in 58% of games, funding the economy transition.
  • − Enemy metal destroyed only 8994 by 15:00 versus own losses of 6662, a close sea fight.
THE EXAMPLE YOU ARE READING

_X_

42.4 OS · 04/10/2026

Open source match ↗

2 received units · includes a constructor
582 metal received · 44163 energy received

Allied construction assistance is unknown. Timings are observations, not a promise of solo reproducibility.

Typical milestones

Bot Lab1:12Middle 50%: 1:06–1:17 · n=845
Shipyard3:12Middle 50%: 2:51–3:37 · n=868
Eel4:21Middle 50%: 3:41–5:29 · n=519
Corsair5:36Middle 50%: 4:53–6:34 · n=813
Geothermal Powerplant7:46Middle 50%: 6:49–9:15 · n=535
Advanced Metal Extractor9:19Middle 50%: 8:37–10:06 · n=766

Played most by

_X_86games of this buildOptimusprimenutt52games of this buildKingBenjai50games of this buildWashedGamuer49games of this buildRexalidus37games of this build
Standard geo sea · Armada Geo sea build order · BAR Build Atlas